 Dungeon Crawl Stone Soup version 0.19.5 (webtiles) character file.

67 miragecloak the Cudgeler (level 4, 0/35 HPs)
             Began as a Formicid Abyssal Knight on May 3, 2017.
             Was a Follower of Lugonu.
             Succumbed to an adder's poison
             ... on level 2 of the Dungeon.
             The game lasted 00:01:51 (2254 turns).

miragecloak the Cudgeler (Formicid Abyssal Knight)  Turns: 2254, Time: 00:01:51

Health: 0/35       AC:  3    Str: 22    XL:     4   Next: 38%
Magic:  5/5        EV: 11    Int: 11    God:    Lugonu [*.....]
Gold:   83         SH:  0    Dex: 11    Spells: 0 memorised, 3 levels left

rFire  . . .     SeeInvis +     a - +1 mace
rCold  . . .     Gourm    .     b - +0 leather armour
rNeg   . . .     Faith    .     (no shield)
rPois  .         Spirit   .     (helmet unavailable)
rElec  .         Reflect  .     (no cloak)
rCorr  .         Harm     .     (no gloves)
MR     .....                    (no boots)
Stlth  +.........               (no amulet)
                                (no ring)
                                (no ring)

@: mighty, lethally poisoned (0 -> -4)
A: permanent stasis, dig shafts and tunnels, four strong arms, antennae 3
a: Dig, Shaft Self, Depart the Abyss, Renounce Religion


You were on level 2 of the Dungeon.
You worshipped Lugonu.
Lugonu was aware of your devotion.
You were not hungry.

You visited 1 branch of the dungeon, and saw 2 of its levels.
You visited the Abyss 1 time.

You collected 83 gold pieces.

Inventory:

Hand Weapons
 a - a +1 mace (weapon)
Armour
 b - a +0 leather armour (worn)
Scrolls
 e - 2 scrolls of enchant armour {unknown}
 f - 3 scrolls of identify {unknown}
 g - a scroll of magic mapping {unknown}
 i - a scroll of fog {unknown}
 j - a scroll of teleportation {unknown}
 k - a scroll of blinking {unknown}
 l - a scroll of remove curse {unknown}
Comestibles
 c - 2 bread rations


   Skills:
 - Level 3.2 Fighting
 + Level 4.3 Maces & Flails
 - Level 2.1 Armour
 - Level 0.8 Dodging
 - Level 2.1 Invocations


You had 3 spell levels left.
You didn't know any spells.

Dungeon Overview and Level Annotations

Branches:
Dungeon (2/15)

Altars:


Innate Abilities, Weirdness & Mutations

You are under a permanent stasis effect.
You can dig through walls and to a lower floor.
Your four strong arms can wield two-handed weapons with a shield.
You have a pair of large antennae on your head. (SInv)


Message History

You feel sick.
You see here an adder corpse.
Okay, then.
There is a lethal amount of poison in your body!
* * * LOW HITPOINT WARNING * * *
You feel sick.
You see here an adder corpse.
You don't know any spells.
It was a potion of magic.
Magic courses through your body.
* * * LOW HITPOINT WARNING * * *
You feel sick.
It was a potion of might.
You feel very mighty all of a sudden.
There is a lethal amount of poison in your body!
Unknown command.
* * * LOW HITPOINT WARNING * * *
You feel sick.
* * * LOW HITPOINT WARNING * * *
You feel sick.
You die...

##.#.............#
.................#
##.#..........#..#
#...........##..#
####.###.#.###..#
.............#
#.###..#####.# .#
#. ##†## #.@.#
#..#..# ....#
#.$.. ..###. .##.#
## ## #


There were no monsters in sight!

Vanquished Creatures
  An adder (D:2)
  An ooze (D:2)
  4 worms (D:2)
  2 leopard geckos
  5 giant cockroaches
  3 hobgoblins (D:1)
  5 jackals (D:1)
  3 kobolds
  2 quokkas (D:2)
  4 bats
  2 frilled lizards (D:2)
  3 goblins (D:1)
  2 rats
37 creatures vanquished.

Notes
Turn   | Place    | Note
-------+----------+-------------------------------------------
     0 | Abyss:1  | miragecloak the Formicid Abyssal Knight began the quest for the Orb.
     0 | Abyss:1  | Reached XP level 1. HP: 18/18 MP: 2/2
    31 | Abyss:1  | Found a corrupted altar of Lugonu.
    73 | Abyss:1  | Noticed a small abomination
    75 | D:1      | Escaped the Abyss
   234 | D:1      | Reached XP level 2. HP: 19/24 MP: 3/3
   237 | D:1      | Reached * piety under Lugonu
   411 | D:1      | Reached skill level 3 in Maces & Flails
   648 | D:1      | Reached XP level 3. HP: 29/29 MP: 4/4
  1701 | D:2      | Reached XP level 4. HP: 23/35 MP: 5/5
  1714 | D:2      | Reached skill level 4 in Maces & Flails
  1848 | D:2      | HP: 1/35 [worm (5)]
  2250 | D:2      | HP: 1/35 [poisoned by an adder]
  2254 | D:2      | Succumbed to an adder's poison

Skill      XL: |  1  2  3  4 |
---------------+-------------+-----
Maces & Flails | 3 4 |  4.3
Fighting       | |  3.2
Armour         | |  2.1
Dodging        | |  0.8
Invocations    | |  2.1

Action                   |  1- 3 |  4- 6 || total
-------------------------+-------+-------++-------
Melee: Mace              |   127 |    36 ||   163
Invok: Depart the Abyss  |     1 |       ||     1
  Use: Potion            |       |     2 ||     2
 Stab: Sleeping          |     1 |       ||     1
  Eat: Chunk             |     1 |     3 ||     4
Armor: Leather armour    |    33 |     2 ||    35
Dodge: Dodged            |    89 |    17 ||   106
